 Dungeon Crawl Stone Soup version 0.27-a0-951-gae3e1deef5 (webtiles) character file.

Game seed: 8999501585925968245

119 shoop the Cudgeller (level 5, 0/54 HPs)
             Began as an Ogre Gladiator on Apr 12, 2021.
             Slain by an adder (2 damage)
             ... on level 3 of the Dungeon.
             The game lasted 00:04:20 (3134 turns).

shoop the Cudgeller (Ogre Gladiator)                Turns: 3134, Time: 00:04:20

Health: 0/54       AC:  3    Str: 19    XL:     5   Next: 3%
Magic:  5/5        EV: 10    Int:  9    God:
Gold:   54         SH:  0    Dex: 10    Spells: 4/4 levels left

rFire    . . .     SeeInvis .   a - +0 flail
rCold    . . .     Faith    .   (no shield)
rNeg     . . .     Spirit   .   b - +0 robe
rPois    .         Reflect  .   c - +0 hat
rElec    .         Harm     .   (no cloak)
rCorr    .         Rampage  .   (gloves unavailable)
Will     .....                  (boots unavailable)
Stlth    +.........             (no amulet)
HPRegen  0.18/turn              (no ring)
MPRegen  0.09/turn              (no ring)

@: confused, mighty, brilliant, lethally poisoned (0 -> -5), hasted, very quick
A: large, unfitting armour, tough skin 1
a: no special abilities


You were on level 3 of the Dungeon.
You visited 1 branch of the dungeon, and saw 3 of its levels.

You collected 54 gold pieces.

Inventory:

Hand Weapons
 a - a +0 flail (weapon)
Missiles
 f - 28 poisoned darts (quivered)
Armour
 b - a +0 robe (worn)
 c - a +0 hat (worn)
Scrolls
 g - a scroll of identify {unknown}
 h - a scroll of vulnerability {unknown}


   Skills:
 + Level 3.7 Fighting
 * Level 4.0 Maces & Flails
 + Level 3.2 Throwing
 - Level 2.6 Dodging


You had 4 spell levels left.
You didn't know any spells.
Your spell library was empty.

Dungeon Overview and Level Annotations

Branches:
Dungeon (3/15)

Altars:

Annotations:
D:2 Sigmund


Innate Abilities, Weirdness & Mutations

You are too large for most types of armour.
You have tough skin. (AC +1)


Message History

Throw: throwing net
Press: ? - help, Q - select action, (/) - cycle Shift-Dir - straight line, f/p - adder
Aim: an adder (38% to hit)
You throw a throwing net.
The throwing net barely misses the adder.
Something tries to affect you, but you resist.
It was a potion of brilliance.
You feel clever all of a sudden.
It was a potion of haste.
You feel yourself speed up.
It was a potion of might.
You feel very mighty all of a sudden. The adder closely misses you.
You barely miss the adder. The adder bites you but does no damage.
You hear some strange, mumbled words.
You are confused.
You barely miss the adder. The adder bites you.
* * * LOW HITPOINT WARNING * * *
You are poisoned.
The adder poisons you!
You bump into the rock wall.
You feel sick. The adder bites you but does no damage.
You miss the adder.
You feel sick. The adder misses you. Something hits you but does no damage.
You miss the adder.
You feel sick. The adder bites you.
* * * LOW HITPOINT WARNING * * *
You are lethally poisoned!
The adder poisons you!
You are too confused!
You bump into the rock wall.
* * * LOW HITPOINT WARNING * * *
You feel sick. Something hits you.
* * * LOW HITPOINT WARNING * * *
The adder closely misses you.
You miss the adder.
* * * LOW HITPOINT WARNING * * *
You feel sick. Something hits you but does no damage.
The adder barely misses you.
* * * LOW HITPOINT WARNING * * *
You feel sick. The adder bites you.
You die...

......####....... ...............
... +##....##......#.....######
.......##.....#...........##
.......+......#.....##.....#>
......†##.....#.##.........'.
...........................#
.......##.#.#.#.....).....#
.##....##...#.#.@..#.#..#######.
.##.#....##'#<.S................)
....#..........###.#.#.....#####(
...##..........# #.........#.)...
....#........(.# #....#....#)....
....#.....(....# #...#...........
....#....#...### #...#...........
....#....#...# #...#......####+
....#....#.... .....#......#


You could see an adder.

Vanquished Creatures
  An orc priest (D:3)
  2 adders
  A dart slug (D:2)
  3 orcs (D:3)
  7 endoplasms
  7 giant cockroaches
  5 goblins
  5 hobgoblins
  A jackal (D:1)
  3 quokkas
  2 ball pythons
  6 bats
  6 frilled lizards
  5 kobolds
  7 rats
61 creatures vanquished.

Notes
Turn   | Place    | Note
-------+----------+-------------------------------------------
     0 | D:1      | shoop the Ogre Gladiator began the quest for the Orb.
     0 | D:1      | Reached XP level 1. HP: 22/22 MP: 1/1
    11 | D:1      | Noticed a minotaur zombie
    15 | D:1      | Noticed a minotaur zombie
   390 | D:1      | Reached XP level 2. HP: 22/29 MP: 2/2
   392 | D:1      | Reached skill level 3 in Maces & Flails
   480 | D:1      | Found a faded altar of an unknown god.
   975 | D:1      | Reached XP level 3. HP: 36/36 MP: 3/3
  2186 | D:2      | Reached XP level 4. HP: 45/45 MP: 4/4
  2599 | D:2      | Noticed Sigmund
  3051 | D:3      | Reached skill level 4 in Maces & Flails
  3101 | D:3      | Reached XP level 5. HP: 30/54 MP: 5/5
  3134 | D:3      | HP: 2/54 [poisoned by an adder]
  3134 | D:3      | Slain by an adder

Illustrated notes

Levels and vault maps discovered:
D:1:      shiori_arrival_whats_in_store_for_you, layout_basic,
          chequers_ecumenical_altar_simple_redux, minmay_hexomino_f4
D:2:      layout_loops_ring, minivault_24, kennysheep_nub, st_stairs_12,
          grunt_decor_arrowhead, uniq_sigmund
D:3:      layout_basic, serial_glass, glass_columns_a, glass_columns_c,
          glass_columns_a, glass_columns_a, glass_columns_a, glass_columns_a,
          glass_columns_a, glass_columns_c, glass_columns_b, glass_columns_b,
          serial_shops, shop, gammafunk_ghost_arena

Skill      XL: |  1  2  3  4 |
---------------+-------------+-----
Maces & Flails | 3 4 |  4.0
Fighting       | 3 |  3.7
Throwing       | 3 |  3.2
Dodging        | |  2.6

Action                   |  1- 3 |  4- 6 || total
-------------------------+-------+-------++-------
Melee: Flail             |   122 |    52 ||   174
Throw: Throwing net      |     2 |     2 ||     4
       Dart              |       |     4 ||     4
  Use: Potion            |       |     3 ||     3
 Stab: Sleeping          |     1 |     1 ||     2
Armor: Robe              |    47 |    13 ||    60
Dodge: Dodged            |    82 |    17 ||    99

Table legend: (Time is in decaauts)
 A = Elapsed time spent in this place.
 B = Non-inter-level travel time spent in this place.
 C = Inter-level travel time spent in this place.
 D = Time resting spent in this place.
 E = Time spent auto-exploring this place.
 F = Levels seen in this place.
 G = Mean time per level.
                   A        B        C        D        E       F      G
               +--------+--------+--------+--------+--------+-----+--------+
         Total |   3169 |   3057 |    112 |     42 |   2596 |   3 | 1056.3 |
       Dungeon |   3169 |   3057 |    112 |     42 |   2596 |   3 | 1056.3 |
               +--------+--------+--------+--------+--------+-----+--------+

Top non-repeatable levels by time:
     D:1: 1566 daAuts
     D:2: 1184 daAuts
     D:3: 418 daAuts
